Map: Arctic Dream LE

Players

qqq - Winner!

  • Race: Zerg Zerg
  • League: Platinum
  • Spawn Location: 6:00

Massa - Winner!

  • Race: Terran Terran
  • League: Gold
  • Spawn Location: 5:00

pataglande

  • Race: Protoss Protoss
  • League: Gold
  • Spawn Location: 11:00

wer

  • Race: Terran Terran
  • League: Platinum
  • Spawn Location: 12:00

VOD

Have the link to the VOD?

Description

Time

  • Played on: May 11, 2020, 6:33 a.m.
  • Length: 5:23
Show
View Real Time Build Order
Export as new Build Order

qqq Zerg - Winner!

Build Orders: Hatch First 

Get SALT Encoding   

  12  0:03  Drone  
  13  0:10  Drone  
  14  0:35  Hatchery  
  13  0:50  Spawning Pool  
  12  0:57  Overlord  
  12  1:02  Drone  
  13  1:06  Drone  
  14  1:14  Extractor  
  14  1:15  Drone  
  14  1:24  Drone  
  15  1:30  Drone  
  16  1:42  Zergling x2  
  18  1:47  Drone  
  18  1:48  Queen  
  18  1:54  Zergling x2  
  21  2:00  Zergling x2  
  22  2:05  Zergling x2  
  22  2:06  Queen  
  25  2:09  Zergling x2  
  25  2:14  Overlord  
  26  2:21  Zergling x2  
  27  2:24  Zergling x2  
  28  2:33  Overlord  
  28  2:35  Zergling x2  
  29  2:42  Zergling x2  
  30  2:51  Overlord  
  30  2:53  Zergling x2  
  30  2:57  Metabolic Boost  
  31  3:01  Zergling x2  
  31  3:02  Drone  
  33  3:13  Zergling x6  
  33  3:15  Zergling x2  
  33  3:19  Drone  
  38  3:22  Zergling x2  
  33  3:35  Zergling x6  
  33  3:36  Zergling x2  
  32  3:42  Zergling x4  
  32  3:45  Drone  
  35  3:53  Drone  
  35  3:54  Zergling x2  
  35  3:55  Zergling x2  
  34  4:06  Zergling x6  
  34  4:07  Zergling x2  
  37  4:21  Zergling x2  
  37  4:22  Zergling x2  
  39  4:26  Zergling x6  
  39  4:27  Zergling x4  
  37  4:47  Zergling x6  
  37  4:48  Zergling x4  
  37  5:01  Zergling x6  
  37  5:02  Zergling x4, Overlord  
Show
View Real Time Build Order
Export as new Build Order

Massa Terran - Winner!

Build Orders:  

Get SALT Encoding   

  12  0:10  Supply Depot  
  12  0:13  SCV  
  13  0:25  SCV  
  14  0:34  Barracks  
  14  0:37  SCV  
  15  0:49  SCV  
  16  0:54  Supply Depot  
  16  1:01  SCV  
  17  1:10  Barracks  
  17  1:13  SCV  
  18  1:21  Barracks  
  18  1:24  Marine  
  19  1:36  Barracks  
  19  1:38  SCV  
  20  1:42  Marine  
  21  1:57  SCV  
  21  2:00  Marine  
  23  2:01  Marine  
  23  2:02  Refinery  
  24  2:14  Orbital Command  
  24  2:18  Marine  
  25  2:25  Marine x2  
  25  2:26  Supply Depot  
  25  2:29  Marine  
  28  2:36  Marine  
  29  2:42  Marine  
  29  2:43  Marine  
  31  2:47  Marine  
  32  2:53  Marine  
  33  3:00  Marine x2  
  33  3:05  Marine  
  35  3:10  Supply Depot  
  35  3:11  Marine  
  37  3:18  Marine x2  
  39  3:30  Factory  
  39  3:32  Marine x2  
  41  3:36  Marine x2  
  43  3:50  Marine x2  
  43  3:54  Marine x2  
  46  4:07  Marine x2  
  44  4:11  Marine  
  44  4:12  Marine  
  46  4:25  Marine  
  46  4:29  Factory Tech Lab  
  47  4:34  Supply Depot  
  47  4:53  Marine  
  47  4:54  Marine  
  47  4:55  Marine x2  
  47  4:57  Supply Depot  
Show
View Real Time Build Order
Export as new Build Order

pataglande Protoss 

Build Orders:  

Get SALT Encoding   

  12  0:01  Probe  
  13  0:14  Probe  
  14  0:19  Pylon  
  14  0:26  Probe (Chrono Boost)  
  15  0:38  Probe (Chrono Boost)  
  16  0:44  Probe  
  16  0:45  Gateway  
  17  0:56  Probe  
  18  1:02  Gateway  
  18  1:08  Probe, Assimilator  
  19  1:20  Probe  
  22  1:32  Probe  
  22  1:34  Zealot (Chrono Boost)  
  23  1:40  Gateway  
  23  1:41  Gateway  
  23  1:46  Cybernetics Core  
  23  2:04  Pylon  
  23  2:17  Pylon  
  23  2:21  Warp Gate (Chrono Boost)  
  23  2:22  Zealot x2  
  27  2:30  Zealot  
  27  2:31  Zealot  
  27  2:35  Probe  
  32  2:39  Assimilator  
  32  2:47  Pylon  
  32  2:49  Zealot  
  34  2:55  Zealot  
  36  3:13  Zealot x2  
  40  3:26  Zealot x2  
  40  3:47  Zealot x2  
  32  4:23  Stalker x2  
  34  4:24  Stalker x2  
  28  4:49  Stalker x4  
Show
View Real Time Build Order
Export as new Build Order

wer Terran 

Build Orders:  

Get SALT Encoding   

  12  0:01  SCV  
  13  0:13  SCV  
  14  0:18  Supply Depot  
  14  0:25  SCV  
  15  0:40  SCV  
  15  0:42  Barracks  
  16  0:52  SCV  
  17  1:00  Barracks  
  17  1:04  SCV  
  18  1:16  SCV, Supply Depot  
  19  1:34  Marine  
  20  1:42  SCV  
  21  1:48  Barracks  
  21  1:49  Marine  
  21  1:52  Marine  
  23  1:59  Supply Depot  
  23  2:04  Refinery  
  23  2:06  Orbital Command, Marine  
  24  2:10  Marine  
  25  2:24  Marine  
  25  2:28  Marine  
  27  2:35  Marine  
  28  2:42  SCV, Marine  
  30  2:46  Marine  
  31  2:53  Marine  
  32  3:00  Marine  
  32  3:03  Marine  
  34  3:11  Marine  
  35  3:18  Marine  
  36  3:21  Marine  
  37  3:29  Marine  
  38  3:36  Marine  
  38  3:39  Marine  
  33  3:47  Marine  
  34  3:53  Marine  
  35  3:57  Marine  
  36  4:05  Marine  
  30  4:14  Marine  
  30  4:15  Marine  
  29  4:20  Command Center  
  29  4:22  Refinery, Marine  
  29  4:32  Marine x2  
  31  4:40  Marine  
  32  4:49  Marine  
  32  4:50  Marine  
  31  4:58  Marine  
Tags
 
Add a new tag
Caveats
  • Supply blocks, unpowered buildings, or Contaminate may cause inaccurate times.
  • Supply counts are checked every 10 seconds.